 Dungeon Crawl Stone Soup version 0.26-a0-20-g5f92b90fa0 (webtiles) character file.

Game seed: 16616287139774849262, levelgen mode: deterministic

149820 Radical100 the Brawler (level 16, -5/165 HPs)
             Began as a Troll Arcane Marksman on May 25, 2020.
             Was a Priest of Uskayaw.
             Slain by an alligator snapping turtle (40 damage)
             ... on level 3 of the Shoals.
             The game lasted 01:12:42 (31203 turns).

Radical100 the Brawler (Troll Arcane Marksman)     Turns: 31203, Time: 01:12:42

Health: -5/165     AC: 21    Str: 27    XL:     16   Next: 97%
Magic:  23/23      EV: 13    Int:  9    God:    Uskayaw [***...]
Gold:   4443       SH: 24    Dex: 12    Spells: 17/17 levels left

rFire    . . .     SeeInvis +     - Unarmed
rCold    . . .     Gourm    +   M - +0 tower shield
rNeg     . . .     Faith    .   w - +2 robe "Jeoddicimn" {MR+ Dex+2 Stlth+}
rPois    .         Spirit   .   N - +2 hat {SInv}
rElec    .         Reflect  +   E - +2 cloak
rCorr    .         Harm     .   (gloves unavailable)
MR       ++...                  (boots unavailable)
Stlth    ++........             l - amulet of reflection
HPRegen  0.77/turn              P - +4 ring of protection
MPRegen  0.18/turn              W - +4 ring of protection

@: no status effects
A: large, unfitting armour, claws 3, fast metabolism 3, gourmand, regeneration
1, shaggy fur 1, tough skin 3
a: Stomp, Line Pass, Renounce Religion


You were on level 3 of the Shoals.
You worshipped Uskayaw.
Uskayaw was aware of your devotion.
You were very full.

You visited 4 branches of the dungeon, and saw 26 of its levels.
You also visited: Ice Cave.

You collected 5863 gold pieces.
You spent 1420 gold pieces at shops.

Inventory:

Missiles
 c - 19 large rocks (quivered)
 d - 5 throwing nets
 q - 764 stones
Armour
 s - a +2 kite shield
 w - the +2 robe "Jeoddicimn" (worn) {MR+ Dex+2 Stlth+}
   (You bought it in a shop on level 12 of the Dungeon)

   It affects your dexterity (+2).
   It affects your resistance to hostile enchantments.
   It makes you more stealthy.
 E - a +2 cloak (worn)
 H - a +0 troll leather armour
 M - a +0 tower shield (worn)
 N - a +2 hat of see invisible (worn)
Jewellery
 i - an uncursed ring of protection from cold
 l - an amulet of reflection (around neck)
 P - a +4 ring of protection (left claw)
 R - an uncursed ring of protection from cold
 W - a +4 ring of protection (right claw)
Wands
 a - a wand of paralysis (6)
 v - a wand of digging (14)
 y - a wand of flame (62)
 C - a wand of iceblast (19)
 F - a wand of polymorph (12)
 Q - a wand of acid (9)
 T - a wand of clouds (2)
Scrolls
 b - 10 scrolls of teleportation
 e - 3 scrolls of amnesia
 g - a scroll of summoning
 h - 4 scrolls of immolation
 m - 7 scrolls of remove curse
 n - 6 scrolls of fog
 A - 7 scrolls of fear
 K - 2 scrolls of identify
 S - 7 scrolls of magic mapping
Potions
 j - 6 potions of magic
 k - 5 potions of brilliance
 o - 4 potions of flight
 p - 10 potions of curing
 t - 3 potions of stabbing
 u - 6 potions of heal wounds
 x - a potion of ambrosia
 z - 3 potions of invisibility
 B - 4 potions of degeneration
 D - a potion of berserk rage
 I - 2 potions of lignification
 J - 3 potions of cancellation
 L - a potion of resistance
 O - a potion of haste
 V - a potion of mutation {unknown}
Comestibles
 f - 41 rations


   Skills:
 + Level 12.1 Fighting
 - Level 1.7 Throwing
 - Level 1.3 Armour
 - Level 9.4 Dodging
 * Level 11.0 Shields
 + Level 16.1 Unarmed Combat
 - Level 1.0 Spellcasting
   Level 2.0 Hexes
 + Level 11.8 Invocations
 - Level 5.0 Evocations


You had 17 spell levels left.
You didn't know any spells.
Your spell library contained the following spells:

 Spells                   Type           Power        Failure   Level  Hunger
 Corona                   Hex            #......      36%         1    ##.....
 Slow                     Hex            #.......     50%         2    ###....
 Infusion                 Chrm           #...         65%         1    ##.....
 Magic Dart               Conj           #...         65%         1    ##.....
 Sandblast                Erth           #.....       65%         1    ##.....
 Sting                    Tmut/Pois      #...         65%         1    ##.....
 Summon Small Mammal      Summ           #...         65%         1    ##.....
 Ensorcelled Hibernation  Hex/Ice        #.....       65%         2    ###....
 Blink                    Tloc           N/A          78%         2    ###....
 Call Imp                 Summ           #.......     78%         2    ###....
 Passwall                 Tmut/Erth      #.......     78%         2    ###....
 Inner Flame              Hex/Fire       #.......     86%         3    ####...
 Portal Projectile        Hex/Tloc       #.....       86%         3    ####...
 Summon Guardian Golem    Hex/Summ       #.......     86%         3    ####...
 Call Canine Familiar     Summ           #.......     95%         3    ####...
 Conjure Flame            Conj/Fire      #.......     95%         3    ####...
 Frozen Ramparts          Ice            #.....       95%         3    ####...
 Mephitic Cloud           Conj/Pois/Air  #.......     95%         3    ####...
 Ozocubu's Armour         Chrm/Ice       #.......     95%         3    ####...
 Recall                   Summ/Tloc      N/A          95%         3    ####...
 Stone Arrow              Conj/Erth      #.....       95%         3    ####...
 Cause Fear               Hex            #.........   98%         4    #####..
 Leda's Liquefaction      Hex/Erth       #.........   99%         4    #####..
 Animate Dead             Necr           N/A          100%        4    #####..
 Hailstorm                Conj/Ice       #.......     100%        4    #####..
 Petrify                  Tmut/Erth      #.......     100%        4    #####..
 Summon Ice Beast         Ice/Summ       #.......     100%        4    #####..
 Summon Lightning Spire   Summ/Air       #.......     100%        4    #####..
 Bolt of Magma            Conj/Fire/Erth #.........   100%        5    ######.
 Borgnjor's Vile Clutch   Necr/Erth      #.........   100%        5    ######.
 Excruciating Wounds      Chrm/Necr      #.........   100%        5    ######.
 Fireball                 Conj/Fire      #.........   100%        5    ######.
 Irradiate                Conj/Tmut      #.........   100%        5    ######.
 Iskenderun's Battlesphe  Conj/Chrm      #.......     100%        5    ######.
 Lee's Rapid Deconstruct  Erth           #.........   100%        5    ######.
 Lightning Bolt           Conj/Air       #.........   100%        5    ######.
 Death Channel            Necr           #.........   100%        6    #######
 Iron Shot                Conj/Erth      #.........   100%        6    #######
 Ozocubu's Refrigeration  Ice            #.........   100%        6    #######
 Simulacrum               Ice/Necr       #.........   100%        6    #######
 Orb of Destruction       Conj           #.........   100%        7    #######
 Spellforged Servitor     Conj/Summ      #.........   100%        7    #######


Dungeon Overview and Level Annotations

Branches:
Dungeon (15/15)            Temple (0/1) D:7            Lair (6/6) D:9
 Shoals (3/4) Lair:4       Spider (0/4) Lair:3        Slime (0/5) Lair:5
    Orc (2/2) D:12            Elf (0/3) Orc:2        Vaults (0/5) D:13
 Depths (0/5) D:15          IceCv (visited)

Altars:
Elyvilon
Gozag
Kikubaaqudgha
Makhleb
Qazlal
Uskayaw
Wu Jian

Shops:
D:6 %   D:10 *   D:12 [   Orc:2 (}??   Shoals:2 =

Portals:
Hell: Lair:6
Pandemonium: Orc:2

Annotations:
D:8 2 transporters
D:13 exclusion: door
Lair:6 exclusion: door


Innate Abilities, Weirdness & Mutations

You are too large for most types of armour.
You have claws for hands.
Your metabolism is lightning-fast.
You like to eat raw meat.
Your natural rate of healing is unusually fast.
You are covered in fur. (AC +1)
You have extremely tough skin. (AC +3)


Message History

Unknown command.
The merfolk siren chants a haunting song.
You resist with some effort.
The alligator snapping turtle bites you from afar!
* * * LOW HITPOINT WARNING * * *
Unknown command.
You carefully extract the barbed spikes from your body.
The merfolk siren is no longer sharing its pain.
The merfolk siren chants a haunting song.
You resist with almost no effort.
Unknown command.
The merfolk siren chants a haunting song.
You resist with almost no effort.
The merfolk siren chants a haunting song.
You resist with almost no effort.
You block the alligator snapping turtle's attack.
There is a stone staircase leading up here.
You block the merfolk siren's attack.
The alligator snapping turtle bites you from afar!!!
You die...

≈≈≈≈≈≈≈≈≈≈≈≈≈≈≈
≈≈≈≈≈≈≈≈≈≈≈≈≈P≈≈
≈≈≈≈≈≈≈≈≈≈≈≈≈≈≈≈
≈≈≈≈≈≈≈≈≈≈≈≈≈≈≈≈
≈≈≈≈≈≈≈≈≈≈≈≈≈≈≈≈
≈≈≈≈≈≈≈≈≈≈≈≈≈≈≈≈
≈≈≈≈≈≈≈≈≈.≈≈≈≈≈≈
≈≈≈≈≈≈≈@.m.......≈...
≈≈≈≈≈≈≈..t..##.......
≈≈≈≈≈≈......##≈..$...
≈≈≈≈≈≈≈)....#≈.......
≈≈≈≈≈≈≈...#......≈≈..
≈≈≈≈≈≈....#.≈.....≈..
≈≈≈≈≈≈.......≈.≈.≈≈..
≈≈≈≈≈≈≈≈.....<≈≈≈....
≈≈≈≈≈≈≈≈.≈≈≈≈≈≈≈≈....


You could see an alligator snapping turtle (pain bonded) and a merfolk siren.

Vanquished Creatures
  Nikola (Shoals:2)
  Rupert (D:14)
  Kirke (Shoals:2)
  2 frost giants
  Nessos (D:13)
  A dire elephant (Lair:6)
  2 merfolk impalers
  Josephine (Orc:2)
  8 hydras
  A vault guard (D:13)
  6 centaur warriors
  2 death knights
  6 two-headed ogres
  An alligator snapping turtle (Shoals:1)
  3 merfolk aquamancers
  An ogre mage (D:15)
  A deep troll earth mage (D:13)
  2 satyrs (Shoals:2)
  7 death yaks
  2 tengu warriors (D:15)
  6 orc high priests
  Sonja (D:11)
  A sun demon (Orc:1)
  A sixfirhy (Lair:6)
  The ghost of bmj180 the Conjurer, a novice DrCj of Vehumet (D:8)
  A glowing orange brain (D:13)
  An infernal demonspawn (Orc:2)
  3 sea snakes
  A gelid demonspawn (Orc:2)
  3 unseen horrors
  7 orc knights
  4 wizards
  4 harpies (Shoals:2)
  8 orc sorcerers
  3 deep elf magi
  3 ugly things (D:13)
  A wolf spider (Lair:3)
  9 fauns
  5 cyclopes
  Maurice (D:11)
  A moth of wrath (D:13)
  3 oklob plants
  8 manticores
  15 elephants
  A water nymph (Shoals:2)
  2 centaur zombies
  7 black mambas
  An ice statue (IceCv)
  An orange demon (Lair:6)
  4 merfolk sirens
  A smoke demon (Lair:6)
  11 spiny frogs
  A gargoyle (D:10)
  3 kobold demonologists
  A freezing wraith (D:13)
  3 efreet
  4 rime drakes
  A demonic crawler (D:13)
  10 komodo dragons
  A hellwing (Orc:2)
  3 ice devils (Lair:6)
  3 red devils
  2 wind drakes
  12 merfolk
  3 meliai (D:15)
  15 polar bears
  A troll (shapeshifter) (D:13)
  3 trolls
  A tyrant leech (D:13)
  3 blink frogs (Lair:6)
  2 hornets
  11 slime creatures (D:13)
  12 dream sheep
  16 hippogriffs
  3 snapping turtles
  2 redbacks (Lair:3)
  A fire elemental (D:10)
  2 shadows
  39 yaks
  An air elemental (D:10)
  2 wyverns
  12 water elementals
  A hog (Shoals:2)
  5 basilisks
  9 wraiths
  A steam dragon (D:9)
  7 vampire mosquitoes
  2 hungry ghosts (D:12)
  A chaos spawn (Orc:2)
  A warg (D:12)
  A swamp worm (shapeshifter) (D:14)
  A soldier ant (D:13)
  5 swamp worms (D:13)
  3 hell hounds (Lair:6)
  13 water moccasins
  2 acid dragons (D:13)
  3 porcupines
  3 black bears
  33 orc warriors
  A swamp drake (Orc:1)
  2 ice beasts
  4 sky beasts
  4 phantoms
  An eye of draining (D:13)
  12 ogres
  3 boggarts (D:15)
  26 wolves
  19 centaurs
  16 crocodiles
  Blork the orc (D:6)
  3 big kobolds
  A wyvern zombie (D:11)
  15 bullfrogs
  An earth elemental (D:10)
  3 gnoll sergeants (D:6)
  A wyvern skeleton (D:9)
  5 scorpions
  A hornet simulacrum (D:15)
  A wight (D:6)
  10 killer bees (D:10)
  3 howler monkeys
  An electric eel (Lair:6)
  9 crimson imps
  2 bullfrog zombies
  2 quasits (D:10)
  11 hounds
  17 orc priests
  2 jellies
  8 centaur skeletons
  An iron imp (Orc:1)
  Jessica (D:3)
  3 iguanas
  27 orc wizards
  4 hell rats (D:7)
  9 worker ants
  A hound skeleton (D:10)
  3 worker ant zombies
  11 gnolls
  15 adders
  8 river rats (D:7)
  5 shadow imps
  13 white imps
  3 adder skeletons
  2 adder zombies
  2 worms (D:2)
  A dart slug (D:1)
  3 leopard geckos
  104 orcs
  2 ball pythons (D:1)
  7 giant cockroaches
  6 goblins
  7 hobgoblins
  11 jackals
  13 quokkas
  4 bats
  4 frilled lizards
  A jackal zombie (D:8)
  18 kobolds
  A quokka skeleton (D:4)
  A quokka zombie (D:8)
  24 rats
  5 plants
938 creatures vanquished.

Vanquished Creatures (others)
  A merfolk avatar (Shoals:2)
  An orc sorcerer (D:15)
  2 humans (Shoals:2)
  A vampire mosquito (D:13)
  2 wolves (IceCv)
  An orc priest (Orc:2)
  A fungus (Lair:6)
  13 plants
22 creatures vanquished.

Grand Total: 960 creatures vanquished

Notes
Turn   | Place    | Note
-------+----------+-------------------------------------------
     0 | D:1      | Radical100 the Troll Arcane Marksman began the quest for
                  | the Orb.
     0 | D:1      | Reached XP level 1. HP: 18/18 MP: 1/1
   136 | D:1      | Reached skill level 1 in Fighting
   141 | D:1      | Reached skill level 1 in Unarmed Combat
   148 | D:1      | Reached XP level 2. HP: 27/27 MP: 2/2
   656 | D:1      | Reached XP level 3. HP: 33/33 MP: 3/3
   667 | D:1      | You fall into a shaft and drop 1 floor!
   742 | D:1      | Reached skill level 2 in Unarmed Combat
  1041 | D:2      | Reached XP level 4. HP: 40/41 MP: 4/4
  1594 | D:3      | Noticed Jessica
  1762 | D:3      | Killed Jessica
  1762 | D:3      | Reached skill level 3 in Unarmed Combat
  1926 | D:3      | Found a hide-covered altar of Uskayaw.
  1965 | D:3      | Reached XP level 5. HP: 38/49 MP: 5/5
  2303 | D:3      | Became a worshipper of Uskayaw the Reveler
  2373 | D:4      | Reached * piety under Uskayaw
  2458 | D:4      | Reached ** piety under Uskayaw
  2473 | D:4      | Reached skill level 4 in Unarmed Combat
  2489 | D:4      | Reached XP level 6. HP: 59/59 MP: 6/6
  2499 | D:4      | Reached *** piety under Uskayaw
  3226 | D:5      | Entered Level 5 of the Dungeon
  3293 | D:5      | Reached skill level 1 in Invocations
  3341 | D:5      | Reached XP level 7. HP: 26/66 MP: 7/7
  3491 | D:4      | Reached skill level 5 in Unarmed Combat
  3534 | D:4      | Reached skill level 1 in Shields
  4075 | D:5      | Reached skill level 6 in Unarmed Combat
  4075 | D:5      | Reached XP level 8. HP: 66/75 MP: 8/8
  4475 | D:6      | Reached skill level 7 in Unarmed Combat
  5197 | D:6      | Found Syisso Rume's Food Emporium.
  5233 | D:6      | Noticed Blork the orc
  5240 | D:6      | Reached XP level 9. HP: 46/85 MP: 10/10
  5354 | D:6      | Killed Blork the orc
  5726 | D:7      | Reached skill level 8 in Unarmed Combat
  6057 | D:7      | Found an opulent altar of Gozag.
  6111 | D:7      | Found a staircase to the Ecumenical Temple.
  6308 | D:7      | Reached **** piety under Uskayaw
  6318 | D:7      | Reached ***** piety under Uskayaw
  6332 | D:7      | Reached ****** piety under Uskayaw
  6386 | D:7      | Reached skill level 5 in Fighting
  7137 | D:8      | Reached skill level 9 in Unarmed Combat
  7228 | D:8      | Reached skill level 5 in Invocations
  7246 | D:8      | Found an ornate altar of the Wu Jian Council.
  7246 | D:8      | Found a stormy altar of Qazlal.
  7247 | D:8      | Found an ancient bone altar of Kikubaaqudgha.
  7249 | D:8      | Found a transporter.
  7250 | D:8      | Noticed a manticore
  7259 | D:8      | Found a transporter.
  7291 | D:8      | Found a runed translucent gate.
  7291 | D:8      | Found a runed translucent gate.
  7292 | D:8      | Found a runed translucent gate.
  7292 | D:8      | Noticed bmj180's ghost (novice DrCj)
  7562 | D:8      | Reached skill level 1 in Evocations
  7569 | D:8      | Reached XP level 10. HP: 67/96 MP: 12/12
  7586 | D:8      | Killed bmj180's ghost
  7879 | D:9      | Reached skill level 10 in Unarmed Combat
  7881 | D:9      | Reached skill level 5 in Shields
  7975 | D:9      | Identified the Grimoire of Mutagenic Confrontation
  8005 | D:9      | Noticed a two-headed ogre
  8045 | D:9      | Killed a two-headed ogre
  8605 | D:9      | Found a staircase to the Lair.
  8913 | D:9      | Found a burning altar of Makhleb.
  8937 | D:10     | Entered Level 10 of the Dungeon
  8961 | D:10     | Reached XP level 11. HP: 82/107 MP: 13/13
  9001 | D:10     | Found Oxtedo's Assorted Antiques.
  9017 | D:10     | Bought a large diamond ring for 155 gold pieces
  9017 | D:10     | Bought a wand of paralysis (10) for 62 gold pieces
  9017 | D:10     | Bought a glowing green potion for 27 gold pieces
  9017 | D:10     | Bought a scroll labeled QEBUTO NAZEBI for 31 gold pieces
  9021 | D:10     | Reached skill level 11 in Unarmed Combat
  9021 | D:10     | Reached XP level 12. HP: 115/115 MP: 14/14
  9421 | D:10     | Found a large runed translucent door.
  9422 | D:10     | Found a large runed translucent door.
  9875 | D:10     | Reached skill level 12 in Unarmed Combat
 10441 | Lair:1   | Entered Level 1 of the Lair of Beasts
 10610 | Lair:1   | Found a frozen archway.
 10647 | IceCv    | Entered an ice cave
 11058 | IceCv    | Noticed a death yak
 11058 | IceCv    | Noticed a death yak
 11081 | IceCv    | Killed a death yak
 11152 | IceCv    | Killed a death yak
 11273 | IceCv    | Reached skill level 5 in Evocations
 11397 | IceCv    | Noticed a death yak
 11397 | IceCv    | Noticed a death yak
 11397 | IceCv    | Noticed a frost giant
 11418 | IceCv    | Killed a death yak
 11419 | IceCv    | Killed a death yak
 11419 | IceCv    | Reached XP level 13. HP: 127/127 MP: 15/15
 11429 | IceCv    | Killed a frost giant
 11429 | IceCv    | Reached skill level 5 in Dodging
 11429 | IceCv    | Reached skill level 13 in Unarmed Combat
 11500 | IceCv    | Identified the Almanac of Ice
 12811 | Lair:2   | Paralysed by a hornet for 2 turns
 14239 | Lair:3   | Found a hole to the Spider Nest.
 15624 | Lair:4   | Found a staircase to the Shoals.
 15854 | Lair:5   | Reached XP level 14. HP: 132/140 MP: 18/18
 16008 | Lair:5   | Found a staircase to the Slime Pits.
 16690 | Lair:5   | Reached skill level 14 in Unarmed Combat
 16962 | Lair:6   | Entered Level 6 of the Lair of Beasts
 17936 | Lair:6   | Reached skill level 10 in Fighting
 18768 | Lair:6   | Found a burning altar of Makhleb.
 19000 | Lair:6   | Found a gateway to Hell.
 20182 | D:11     | Noticed Sonja
 20188 | D:11     | Killed Sonja
 20193 | D:11     | Noticed Maurice
 20216 | D:11     | Killed Maurice
 20216 | D:11     | Reached skill level 1 in Armour
 20419 | D:12     | Found a staircase to the Orcish Mines.
 20526 | D:12     | Found Biol's Armour Shop.
 20897 | D:12     | Reached XP level 15. HP: 56/152 MP: 20/20
 21204 | D:12     | Bought the +2 robe "Jeoddicimn" {MR+ Dex+2 Stlth+} for 363
                  | gold pieces
 21267 | Orc:1    | Entered Level 1 of the Orcish Mines
 22613 | Orc:2    | Entered Level 2 of the Orcish Mines
 22613 | Orc:2    | Found a staircase to the Elven Halls.
 22639 | Orc:2    | Noticed Josephine
 22655 | Orc:2    | Killed Josephine
 23867 | Orc:2    | Found Ytaggac's Magic Scroll Emporium.
 23879 | Orc:2    | Found Ofimiz's Magic Scroll Shoppe.
 24329 | Orc:2    | Reached skill level 15 in Unarmed Combat
 24784 | Orc:2    | Identified a scroll of acquirement
 24923 | Orc:2    | Reached skill level 10 in Invocations
 24924 | Orc:2    | Found Peant's Gadget Boutique.
 24924 | Orc:2    | Found a one-way gate leading to the halls of Pandemonium.
 24924 | Orc:2    | Found Fakiqik's Antique Weapon Shop.
 24962 | Orc:2    | Bought 3 scrolls of magic mapping for 136 gold pieces
 24962 | Orc:2    | Bought a scroll of enchant armour for 97 gold pieces
 24962 | Orc:2    | Bought a scroll of fear for 45 gold pieces
 25230 | D:13     | Noticed Nessos
 25240 | D:13     | Killed Nessos
 25638 | D:13     | Noticed a frost giant
 25646 | D:13     | Killed a frost giant
 25884 | D:13     | Got a glimmering kite shield
 25900 | D:13     | Identified the cursed +0 kite shield "Wery" {+Inv rF-
                  | Stlth+} (You found it on level 13 of the Dungeon)
 26330 | D:13     | Found a gate to the Vaults.
 26443 | D:13     | Found a runed translucent door.
 26468 | D:13     | Identified the +5 hand axe of Nuneth {drain, Int+4}
 26498 | D:13     | Reached XP level 16. HP: 67/162 MP: 23/23
 26501 | D:13     | Identified Zyowiami's Papyrus of Hurtful Talismans
 27186 | D:14     | Paralysed by a hornet for 1 turns
 27405 | D:15     | Entered Level 15 of the Dungeon
 27433 | D:15     | Noticed Rupert
 27452 | D:14     | Killed Rupert
 27578 | D:15     | Found a staircase to the Depths.
 27747 | D:15     | Found a white marble altar of Elyvilon.
 28168 | D:15     | Reached skill level 10 in Shields
 28781 | Shoals:1 | Entered Level 1 of the Shoals
 29861 | Shoals:2 | Noticed Nikola
 30022 | Shoals:2 | Killed Nikola
 30101 | Shoals:2 | Found Cupiakk's Jewellery Shoppe.
 30108 | Shoals:2 | Reached skill level 16 in Unarmed Combat
 30185 | Shoals:2 | Bought a +4 ring of protection for 504 gold pieces
 30612 | Shoals:2 | Noticed Kirke
 30633 | Shoals:2 | Killed Kirke
 31203 | Shoals:3 | Slain by an alligator snapping turtle

Illustrated notes

Levels and vault maps discovered:
D:1:      dpeg_arrival_subterranean_lakeside_camping, layout_basic,
          minivault_14, minmay_hexomino_p4
D:2:      layout_loops_ring
D:3:      layout_basic, eat_drink_and_be_merry_uskayaw, first_ration,
          uniq_jessica
D:4:      layout_loops_ring
D:5:      layout_cave_pools, st_stairs_5
D:6:      layout_basic, serial_shops, shop, sword_in_stone
D:7:      lemuel_ratsnest, layout_basic,
          nicolae_gozag_cash_rules_everything_around_me,
          minmay_temple_entry_sparse_star
D:8:      layout_basic, gammafunk_temple_overflow_arena,
          gammafunk_ghost_spectres
D:9:      layout_loops_cross, lightli_temple_of_fire, erik_lair_dragon,
          hangedman_fish_farm
D:10:     layout_irregular_city, serial_shops, nicolae_shop_waterfront,
          lightli_elemental_guards
D:11:     layout_basic, uniq_maurice, uniq_sonja
D:12:     layout_stronghold, david_orc_2, serial_shops, nicolae_shop_waterfront,
          dk_vineyard_3
D:13:     evilmike_horseshoe, layout_rooms, david_vaults_5, minmay_st_funbox,
          worms_lemuel, uniq_nessos
D:14:     layout_rooms, grunt_decor_mini_mirrors
D:15:     grunt_enter_depths_magical_seal, layout_stronghold, elyvilon_altar_5,
          grunt_ministairs_9, serial_park_tiny_1,
          hangedman_abyss_or_decor_slice, uniq_rupert
Lair:1:   layout_roguey, portal_ice_cave_entry_imps, beast_lair_carwin_9
Lair:2:   layout_small_grid, grunt_megastairs_1
Lair:3:   layout_chaotic_city, spider_nest_entry_funnel_web
Lair:4:   layout_misc_corridors, elwin_shoals_entry_rooms, grunt_megastairs_2,
          infiniplex_staircase_pool, minmay_lair_oklob_chamber
Lair:5:   layout_cave_pods, dpeg_slime_entry_corner, st_stairs_11
Lair:6:   evil_forest, layout_gridlike
Shoals:1: layout_shoals
Shoals:2: layout_shoals, minmay_shop_enchanted_jewellery,
          nicolae_shoals_cliffside_cave, nicolae_shoals_arrival_archipelago,
          uniq_nikola, uniq_kirke
Shoals:3: layout_shoals, shoals_oasis, uniq_ilsuiw
Orc:1:    cheibrodos_orc_bank, layout_caves, nicolae_orc_rockfall,
          hangedman_minor_magic
Orc:2:    pf_orc_diabolical, layout_caves, uniq_josephine

Skill      XL: |  1  2  3  4  5  6  7  8  9 10 11 12 13 14 15 16 |
---------------+-------------------------------------------------+-----
Fighting       | 1 2 3 4 5 6 8 9 10 11 12 | 12.1
Unarmed Combat | 1 2 3 4 6 7 9 10 11 12 13 14 15 16 | 16.1
Dodging        | 2 3 4 6 8 9 |  9.4
Invocations    | 1 2 3 5 6 8 10 11 | 11.8
Shields        | 1 3 4 5 8 9 11 | 11.0
Evocations     | 1 3 5 |  5.0
Armour         | 1 |  1.3
Throwing       | |  1.7
Spellcasting   | |  1.0
Hexes          | |  2.0

Action                   |  1- 3 |  4- 6 |  7- 9 | 10-12 | 13-15 | 16-18 || total
-------------------------+-------+-------+-------+-------+-------+-------++-------
Melee: Unarmed           |   132 |   174 |   444 |   505 |  1395 |   493 ||  3143
       Punch             |     1 |       |       |       |       |       ||     1
Throw: Large rock        |       |       |     5 |       |       |       ||     5
Invok: Stomp             |       |       |     6 |       |    11 |       ||    17
       Line Pass         |       |       |     1 |       |       |       ||     1
Evoke: Wand              |       |       |       |     3 |    41 |     3 ||    47
       Box of beasts     |       |       |       |       |     1 |       ||     1
  Use: Scroll            |       |     7 |     5 |    11 |    14 |     3 ||    40
       Potion            |       |     2 |       |     2 |     1 |     1 ||     6
 Stab: Sleeping          |     1 |       |       |       |     3 |     1 ||     5
       Paralysed         |       |     1 |     6 |    38 |   113 |    44 ||   202
       Confused          |       |       |       |       |       |     2 ||     2
  Eat: Chunk             |    15 |    19 |    41 |    36 |   143 |    43 ||   297
Armor: Robe              |    51 |    68 |    63 |    84 |    50 |   102 ||   418
       Animal skin       |       |       |       |       |   108 |       ||   108
       Troll leather arm |       |       |       |       |    18 |       ||    18
Dodge: Dodged            |    68 |    78 |    88 |   105 |   334 |   126 ||   799
Block: Kite shield       |       |       |   200 |   330 |   966 |       ||  1496
       Reflection        |       |       |     7 |     7 |    54 |    50 ||   118
       Tower shield      |       |       |       |       |    31 |   496 ||   527

Table legend:
 A = Non-vault XP
 B = Vault XP
 C = Vault XP percentage of total XP
 D = Non-vault monster count
 E = Vault monster count
 F = Vault count percentage of total count
                 A         B        C        D         E       F
            +---------+---------+-------+---------+---------+-------
      Total |  117181 |   85643 |  42.2 |     610 |     326 |  34.8
            +---------+---------+-------+---------+---------+-------
        D:1 |      42 |      17 |  28.8 |      23 |       9 |  28.1
        D:2 |      52 |       0 |   0.0 |      12 |       0 |   0.0
        D:3 |     144 |      37 |  20.4 |      15 |       1 |   6.2
        D:4 |     549 |     122 |  18.2 |      33 |       1 |   2.9
        D:5 |     498 |      17 |   3.3 |      18 |       2 |  10.0
        D:6 |    1294 |     423 |  24.6 |      26 |       5 |  16.1
        D:7 |     592 |     453 |  43.3 |      12 |      40 |  76.9
        D:8 |     805 |    1618 |  66.8 |      21 |       5 |  19.2
        D:9 |    2906 |    1187 |  29.0 |      22 |       7 |  24.1
       D:10 |    5158 |     668 |  11.5 |      39 |       4 |   9.3
       D:11 |    5072 |    1318 |  20.6 |      32 |       2 |   5.9
       D:12 |    5656 |      21 |   0.4 |      37 |       7 |  15.9
       D:13 |    9583 |   16088 |  62.7 |      45 |      35 |  43.8
       D:14 |    6952 |    3008 |  30.2 |      32 |       1 |   3.0
       D:15 |    9531 |    6926 |  42.1 |      27 |      11 |  28.9
     Lair:1 |    1675 |     976 |  36.8 |      10 |      17 |  63.0
     Lair:2 |    3925 |       0 |   0.0 |      18 |       0 |   0.0
     Lair:3 |    8546 |    1010 |  10.6 |      22 |       3 |  12.0
     Lair:4 |    4085 |    2017 |  33.1 |      16 |       6 |  27.3
     Lair:5 |    6030 |     828 |  12.1 |      19 |       3 |  13.6
     Lair:6 |   13024 |   10100 |  43.7 |      35 |      24 |  40.7
   Shoals:1 |   11132 |       0 |   0.0 |      23 |       0 |   0.0
   Shoals:2 |   15712 |    5572 |  26.2 |      34 |       3 |   8.1
   Shoals:3 |    1803 |       0 |   0.0 |       4 |       0 |   0.0
      Orc:1 |    2184 |    4997 |  69.6 |      28 |      45 |  61.6
      Orc:2 |     231 |   14766 |  98.5 |       7 |      50 |  87.7
      IceCv |       0 |   13474 | 100.0 |       0 |      45 | 100.0
            +---------+---------+-------+---------+---------+-------
